 Dungeon Crawl Stone Soup version 0.31-a0-982-g1816016f30 (webtiles) character file.

Game seed: 11378469721178656228

1146 GordonOverkill the Spear-Bearer (level 8, 0/64 HPs)
             Began as a Merfolk Delver on Nov 1, 2023.
             Was a Follower of Okawaru.
             Slain by Maggie
             ... wielding a +0 halberd
              (5 damage)
             ... on level 6 of the Dungeon on Nov 2, 2023.
             The game lasted 00:21:29 (6334 turns).

GordonOverkill the Spear-Bearer (Merfolk Delver)    Turns: 6334, Time: 00:21:30

Health: 0/64       AC: 16    Str: 15    XL:     8   Next: 38%
Magic:  10/10      EV:  4    Int:  9    God:    Okawaru [*.....]
Gold:   307        SH:  0    Dex: 15    Spells: 7/7 levels left

rFire   . . .        a - +1 spear
rCold   . . .        (no shield)
rNeg    . . .        o - +0 plate armour
rPois   .            r - +1 helmet
rElec   .            (no cloak)
rCorr   .            d - +2 pair of gloves
SInv    .            s - +0 pair of boots
Will    .....        e - amulet of regeneration Stlth
                     (no ring)
HPRegen 1.10/turn    (no ring)
MPRegen 0.12/turn

%: no passive effects
@: mesmerised
A: (nimble swimmer 2), mertail
a: Renounce Religion, Heroism


You were on level 6 of the Dungeon.
You worshipped Okawaru.
Okawaru was aware of your devotion.
You visited 2 branches of the dungeon, and saw 7 of its levels.

You collected 307 gold pieces.

Inventory:

Hand Weapons
 a - a +1 spear (weapon)
Armour
 d - a +2 pair of gloves (worn)
 o - a +0 plate armour (worn)
 r - a +1 helmet (worn)
 s - a +0 pair of boots (worn)
Jewellery
 e - an amulet of regeneration (around neck)
Wands
 g - a wand of digging (3)
Scrolls
 c - a scroll of fog
 i - a scroll of revelation
 p - a scroll of vulnerability


   Skills:
 - Level 6.0 Fighting
 - Level 10.0 Polearms
 + Level 2.8 Throwing
 - Level 2.6 Dodging
 - Level 5.4 Stealth
 - Level 3.0 Invocations


You had 7 spell levels left.
You didn't know any spells.
Your spell library contained the following spells:

 Spells                   Type           Power      Damage    Failure   Level
 Wereblood                Tmut           0%         N/A       100%        2
 Irradiate                Conj/Tmut      0%         3d11      100%        5


Dungeon Overview and Level Annotations

Branches:
Dungeon (6/15)             Temple (1/1) D:4

Altars:
Elyvilon
Makhleb
Nemelex Xobeh
Okawaru
Qazlal
Ru
Sif Muna
Trog
Uskayaw
Vehumet
Wu Jian
Yredelemnul
Zin
The Shining One

Annotations:
D:4 1 runed translucent door, Blork the orc; Pikel; kuniqs's ghost, amateur FoHu
D:5 exclusion: door
D:6 Maggie


Innate Abilities, Weirdness & Mutations

((You are very nimble when in or above water. (Stealth+, EV+, Speed+++)))
Your lower body shifts to a powerful aquatic tail in water.


Message History

The ufetubus hits you but does no damage. x2
The white imp hits you but does no damage.
You hit Maggie but do no damage.
Maggie is heavily wounded.
The ufetubus hits you but does no damage. x2
You hit Maggie but do no damage.
Maggie is heavily wounded.
Maggie barely misses you.
The white imp hits you but does no damage.
The ufetubus hits you but does no damage. x2
You hit Maggie but do no damage.
Maggie is heavily wounded.
Maggie hits you with a +0 halberd.
* * * LOW HITPOINT WARNING * * *
The white imp hits you but does no damage.
The ufetubus hits you but does no damage. x2
You hit Maggie but do no damage.
Maggie is heavily wounded.
You hit Maggie.
Maggie is heavily wounded.
The ufetubus hits you but does no damage.
The ufetubus hits you.
* * * LOW HITPOINT WARNING * * *
Maggie hits you but does no damage.
The white imp hits you but does no damage.
You closely miss Maggie.
Maggie is heavily wounded.
The ufetubus hits you but does no damage. x2
You hit Maggie but do no damage.
Maggie is heavily wounded.
The ufetubus hits you but does no damage. x2
Maggie hits you but does no damage.
The white imp hits you but does no damage.
You barely miss Maggie.
Maggie is heavily wounded.
The ufetubus hits you.
* * * LOW HITPOINT WARNING * * *
The ufetubus hits you but does no damage.
Maggie hits you with a +0 halberd.
You die...

#............
#.#..........
#.#
#..#.........
..#
##........#
..##
##..##....##
...#
##..####..##
...#####..##
#.5#
....#....##
##5#
.........##
#@#
##........#
#5@#
###...###..#
..... # #..##
#..# ..#.....
#.## #...##
...(... ##.#
..## #...###
##..## ..#
..## .....#
.. # ..#
..##......


You could see Maggie (mesmerising), a white imp and 2 ufetubi.

Vanquished Creatures
  A black bear (D:5)
  An ice beast (D:5)
  An ogre (D:4)
  3 lemures
  2 scorpions (D:5)
  A jelly (D:5)
  3 orc priests
  A hound (D:4)
  Jessica (D:2)
  7 iguanas
  4 orc wizards
  Robin (D:3)
  7 gnolls (D:5)
  8 adders
  A white imp (D:5)
  2 ufetubi (D:3)
  2 worms (D:5)
  5 dart slugs
  15 orcs
  9 endoplasms
  4 giant cockroaches
  10 hobgoblins
  6 kobolds
  4 quokkas
  12 ball pythons
  3 bats (D:1)
  A frilled lizard (D:2)
  16 goblins
  3 rats
134 creatures vanquished.

Notes
Turn   | Place    | Note
-------+----------+-------------------------------------------
     0 | D:5      | GordonOverkill the Merfolk Delver began the quest for the
                  | Orb.
     0 | D:5      | Reached XP level 1. HP: 18/18 MP: 1/1
    64 | D:5      | Reached XP level 2. HP: 25/25 MP: 2/2
    88 | D:5      | Noticed an ice beast
   161 | D:5      | Found a basalt altar of Yredelemnul.
   268 | D:4      | Found a staircase to the Ecumenical Temple.
   362 | D:3      | Reached skill level 3 in Polearms
   405 | D:2      | Noticed Jessica
   576 | D:1      | Reached XP level 3. HP: 30/30 MP: 3/3
   749 | D:1      | Reached skill level 4 in Polearms
  1111 | D:2      | Killed Jessica
  1112 | D:2      | Reached skill level 5 in Polearms
  1112 | D:2      | Reached XP level 4. HP: 32/37 MP: 4/4
  1154 | D:2      | Found an ornate altar of the Wu Jian Council.
  1559 | D:3      | Upgraded the game from 0.31-a0-981-geadf994542 to
                  | 0.31-a0-982-g1816016f30
  1770 | D:3      | Reached skill level 6 in Polearms
  1770 | D:3      | Reached XP level 5. HP: 41/42 MP: 5/5
  2017 | D:3      | Reached skill level 7 in Polearms
  2102 | D:3      | Found a stormy altar of Qazlal.
  2218 | D:3      | Reached XP level 6. HP: 45/48 MP: 6/6
  2280 | D:3      | Noticed Robin
  2694 | D:3      | Killed Robin
  2846 | D:4      | Noticed Blork the orc
  3071 | D:4      | Reached skill level 8 in Polearms
  3077 | D:4      | Reached skill level 1 in Throwing
  3206 | Temple   | Entered the Ecumenical Temple
  3242 | Temple   | Became a worshipper of Warmaster Okawaru
  3411 | D:4      | Reached skill level 1 in Invocations
  3486 | D:4      | Noticed Pikel
  4057 | D:3      | HP: 2/48 [orc priest/divine providence (14)]
  4065 | D:3      | Reached XP level 7. HP: 26/54 MP: 8/8
  4246 | D:4      | Found a runed translucent door.
  4259 | D:4      | Noticed kuniqs's ghost (amateur FoHu)
  4837 | D:5      | Reached skill level 9 in Polearms
  4930 | D:5      | Reached * piety under Okawaru
  5122 | D:5      | Reached skill level 10 in Polearms
  5312 | D:5      | Reached XP level 8. HP: 50/61 MP: 10/10
  5603 | D:5      | Found a burning altar of Makhleb.
  5604 | D:5      | Noticed a cacodemon
  5610 | D:5      | Reached skill level 5 in Fighting
  5612 | D:5      | Found a glowing silver altar of Zin.
  5612 | D:5      | Noticed an angel
  5863 | D:5      | Noticed a yak
  6282 | D:6      | Noticed Maggie
  6334 | D:6      | Slain by Maggie

Illustrated notes

Levels and vault maps discovered:
D:1:      psy_arrival_wood_between_worlds, layout_rooms
D:2:      layout_basic, basic_altar, uniq_jessica
D:3:      layout_loops_ring, overflow_temple_1_default, minmay_crystal_water,
          st_stairs_10, uniq_robin
D:4:      layout_rooms, temple_green, ebering_ghost_reflecting_pool,
          hangedman_minor_gate_pass, uniq_pikel, uniq_blork_the_orc
D:5:      layout_basic, grunt_temple_overflow_order_and_chaos_2,
          yredelemnul_altar_generic, cheibrodos_sewer_entry_bend,
          minmay_manual_mullet
D:6:      layout_layer_cave, grunt_temple_overflow_growth_and_decay,
          nicolae_the_louvre, uniq_maggie, uniq_prince_ribbit1
Temple:   kb_temple_of_zot

Skill      XL: |  1  2  3  4  5  6  7  8 |
---------------+-------------------------+-----
Fighting       | 4 6 |  6.0
Polearms       | 3 5 6 7 8 10 | 10.0
Throwing       | 2 |  2.8
Invocations    | 2 3 |  3.0
Dodging        | |  2.6
Stealth        | |  5.4

Action                     |  1- 3 |  4- 6 |  7- 9 || total
---------------------------+-------+-------+-------++-------
  Melee: Spear             |   113 |   481 |   315 ||   909
         Punch             |     2 |     5 |     4 ||    11
         Tailslap          |       |       |     8 ||     8
  Throw: Dart              |       |     5 |     8 ||    13
         Javelin           |       |     3 |    16 ||    19
         Throwing net      |       |       |     3 ||     3
 Invoke: Heroism           |       |       |     1 ||     1
    Use: Scroll            |     2 |     2 |     6 ||    10
         Potion            |     1 |     3 |     4 ||     8
   Stab: Sleeping          |     8 |       |     1 ||     9
         Distracted        |       |       |     1 ||     1
         Held in net/web   |       |       |     1 ||     1
 Armour: Leather armour    |    29 |       |       ||    29
         Chain mail        |    12 |   300 |    87 ||   399
         Plate armour      |       |       |   131 ||   131
  Dodge: Dodged            |    46 |   117 |    66 ||   229

Table legend: (Time is in decaauts)
 A = Elapsed time spent in this place.
 B = Non-inter-level travel time spent in this place.
 C = Inter-level travel time spent in this place.
 D = Time resting spent in this place.
 E = Time spent auto-exploring this place.
 F = Levels seen in this place.
 G = Mean time per level.
                   A        B        C        D        E       F      G
               +--------+--------+--------+--------+--------+-----+--------+
         Total |   6019 |   5427 |    592 |   1309 |   1788 |   7 |  859.9 |
       Dungeon |   5954 |   5415 |    539 |   1309 |   1788 |   6 |  992.3 |
        Temple |     64 |     11 |     53 |      0 |      0 |   1 |   64.0 |
               +--------+--------+--------+--------+--------+-----+--------+

Top non-repeatable levels by time:
     D:3: 1757 daAuts
     D:5: 1276 daAuts
     D:4: 1202 daAuts
     D:2: 926 daAuts
     D:1: 491 daAuts
     D:6: 301 daAuts
  Temple: 64 daAuts
